 Dungeon Crawl Stone Soup version 0.23-a0-121-g4413648 (webtiles) character file.

13552 Amnesiac the Thaumaturge (level 11, -3/68 HPs)
             Began as a Mummy Air Elementalist on Aug 25, 2018.
             Was an Initiate of Gozag.
             Slain by a red ugly thing (18 damage)
             ... on level 11 of the Dungeon.
             The game lasted 00:31:53 (17613 turns).

Amnesiac the Thaumaturge (Mummy Air Elementalist)  Turns: 17613, Time: 00:31:53

Health: -3/68      AC: 10    Str: 12    XL:     11   Next: 77%
Magic:  17/33      EV: 10    Int: 21    God:    Gozag
Gold:   2442       SH:  0    Dex: 12    Spells: 17/29 levels left

rFire    . . .     SeeInvis .   a - +3 scimitar (flame)
rCold    + . .     Gourm    .   (no shield)
rNeg     + + +     Faith    .   q - +3 ring mail {rF+}
rPois    ∞         Spirit   .   s - +0 hat {Int+3}
rElec    .         Reflect  .   l - +0 cloak
rCorr    .         Harm     .   f - +0 pair of gloves
MR       +....                  (no boots)
Stlth    +.........             (no amulet)
HPRegen  0.21/turn              t - ring of magical power
MPRegen  0.23/turn              i - ring of wizardry

@: very slightly contaminated
A: no food or potions, fire vulnerability, cold resistance 1, negative energy
resistance 3, torment resistance, unbreathing
a: Potion Petition, Call Merchant, Bribe Branch, Renounce Religion


You were on level 11 of the Dungeon.
You worshipped Gozag.
Gozag was most pleased with you.
You were not hungry.

You visited 1 branch of the dungeon, and saw 11 of its levels.

You collected 2466 gold pieces.
You paid 24 gold pieces to Gozag.

Inventory:

Hand Weapons
 a - a +3 scimitar of flaming (weapon)
 b - a +1 blowgun
Missiles
 m - 146 poisoned needles
Armour
 f - a +0 pair of gloves (worn)
 l - a +0 cloak (worn)
 q - a +3 ring mail of fire resistance (worn)
 s - a +0 hat of intelligence (worn)
Jewellery
 i - a ring of wizardry (right hand)
 k - a +3 ring of evasion
 t - a ring of magical power (left hand)
Wands
 h - a wand of clouds (13)
 j - a wand of flame (24)
 o - a wand of enslavement (26)
 r - a wand of disintegration (6)
Scrolls
 c - 5 scrolls of identify {!r}
 d - 5 scrolls of teleportation {!r}
 e - 6 scrolls of remove curse {!r}
 g - a scroll of fog {!r}
 n - 3 scrolls of blinking {!r}
 p - 2 scrolls of magic mapping {!r}
 u - a scroll of vulnerability {!r}


   Skills:
 - Level 1.5 Dodging
 - Level 1.5 Stealth
 - Level 9.5 Spellcasting
 + Level 9.3 Conjurations
 * Level 8.8 Air Magic
 - Level 8.0 Evocations


You had 17 spell levels left.
You knew the following spells:

 Your Spells              Type           Power        Failure   Level  Hunger
a - Airstrike             Air            #####.....   1%          4    N/A
d - Lightning Bolt        Conj/Air       #####.....   4%          5    N/A
e - Shock                 Conj/Air       ####         1%          1    N/A
z - Swiftness             Chrm/Air       ####....     1%          2    N/A

Your spell library contained the following spells:

 Spells                   Type           Power        Failure   Level  Hunger
 Static Discharge         Conj/Air       #####...     1%          3    N/A

Dungeon Overview and Level Annotations

Branches:
Dungeon (11/15)            Temple (0/1) D:4
   Lair: D:8-11         Orc: D:9-12

Altars:
Ashenzari
Elyvilon
Fedhas
Gozag
Hepliaklqana
Kikubaaqudgha
Nemelex Xobeh
Okawaru
Qazlal
Ru
Trog
Wu Jian
Zin


Innate Abilities, Weirdness & Mutations

You do not eat or drink.
Your flesh is vulnerable to fire.
You are immune to poison.
Your flesh is cold resistant. (rC+)
You are immune to negative energy. (rN+++)
You are immune to unholy pain and torment.
You can survive without breathing.


Message History

Confirm with . or Enter, or press ? or * to list all spells.
You can't see any susceptible monsters within range! (Use Z to cast anyway.)
You now have 2400 gold pieces (gained 14).
You start resting.
Magic restored.
There is a stone staircase leading up here.
Found a stone staircase leading down.
You now have 2417 gold pieces (gained 17).
There is a stone staircase leading down here.
You now have 2431 gold pieces (gained 14).
Key pressed, stopping explore.
You now have 2442 gold pieces (gained 11).
A red ugly thing comes into view.
The red ugly thing gurgles horribly!
You hear a horrible gurgling sound!
Search for what [Enter for "ego", or ? for help]? shie Can't find anything matching that.
A centaur zombie comes into view.
A centaur zombie is nearby!
Casting: Airstrike (safe; 1% risk of failure)
Confirm with . or Enter, or press ? or * to list all spells.
Aiming: Lightning Bolt (safe; 4% risk of failure)
Press: ? - help, Shift-Dir - straight line You hear a mighty clap of thunder!
The bolt of lightning hits the red ugly thing.
The red ugly thing is heavily wounded.
The bolt of lightning misses the red ugly thing.
You hear a horrible gurgling sound!
You hear an angry growl.
You hear an angry hiss.
Unknown command.
Casting: Lightning Bolt (safe; 4% risk of failure)
Confirm with . or Enter, or press ? or * to list all spells.
Okay, then.
Casting: Lightning Bolt (safe; 4% risk of failure)
Confirm with . or Enter, or press ? or * to list all spells.
Aiming: Airstrike (safe; 1% risk of failure)
Press: ? - help, Dir - move target cursor, f - red ugly thing
Aim: a red ugly thing (heavily wounded)
The air twists around and strikes the red ugly thing!
The red ugly thing is severely wounded.
The centaur zombie hits you. The red ugly thing tentacle-slaps you.
You are engulfed in flames!
Casting: Airstrike (safe; 1% risk of failure)
Confirm with . or Enter, or press ? or * to list all spells.
Aiming: Airstrike (safe; 1% risk of failure)
Press: ? - help, Dir - move target cursor, f/p - red ugly thing
Aim: a red ugly thing (severely wounded)
You miscast Airstrike.
You are very lightly contaminated with residual magic.
The wind howls around you! The centaur zombie hits you.
The red ugly thing tentacle-slaps you.
You are engulfed in flames!
* * * LOW HITPOINT WARNING * * *
Casting: Airstrike (safe; 1% risk of failure)
Confirm with . or Enter, or press ? or * to list all spells.
Aiming: Airstrike (safe; 1% risk of failure)
Press: ? - help, Dir - move target cursor, f/p - red ugly thing
Aim: a red ugly thing (severely wounded)
The air twists around and strikes the red ugly thing!
The red ugly thing is severely wounded.
The centaur zombie hits you but does no damage.
The red ugly thing tentacle-slaps you!
* * * LOW HITPOINT WARNING * * *
You are engulfed in flames!!
You die...
Your body crumbles into a pile of gold.

#####
######...#######
###......#........
#..............###
#.#.##########.#
#u#.# #.# #@#.#
#.# #Z#.# #.#
#.#.. #.# #.#u#
#.### #.#.# #....
#.#.# ##### #.#
#.#


You could see a red ugly thing and a centaur zombie.

Vanquished Creatures
  Gastronok (D:9)
  Erolcha (D:10)
  Erica (D:8)
  A centaur warrior (D:9)
  A two-headed ogre (D:11)
  Maurice (D:8)
  Joseph (D:8)
  Psyche (D:10)
  2 gargoyles
  Prince Ribbit (D:6)
  The ghost of emiel the Insei, an amateur OpWn of Cheibriados (D:5)
  A yak (D:7)
  3 hogs (D:7)
  A wyvern (D:11)
  A basilisk (D:11)
  4 hungry ghosts
  3 vampire mosquitoes (D:11)
  A human (D:7)
  Edmund (D:4)
  A porcupine (D:10)
  2 sky beasts
  3 orc warriors
  5 ice beasts
  An eye of draining (D:4)
  A black bear (D:10)
  6 ogres
  4 phantoms
  3 centaurs
  2 big kobolds
  A crocodile (D:11)
  Blork the orc (D:4)
  4 bullfrogs
  A wyvern skeleton (D:8)
  4 scorpions
  A water moccasin skeleton (D:7)
  14 killer bees
  5 howler monkeys
  3 crimson imps
  A centaur zombie (D:9)
  2 jellies
  4 hounds
  A quasit (D:7)
  2 bullfrog skeletons
  4 orc priests
  2 iguanas
  9 orc wizards
  9 worker ants
  A hound skeleton (D:4)
  A worker ant zombie (D:5)
  7 gnolls
  14 adders
  2 shadow imps
  An ooze (D:3)
  5 adder skeletons
  4 worms
  A dart slug (D:2)
  6 leopard geckos
  44 orcs
  2 ball pythons
  6 bats
  6 giant cockroaches
  4 goblins
  6 hobgoblins
  17 jackals
  5 quokkas
  4 frilled lizards
  A jackal zombie (D:5)
  24 kobolds
  A quokka skeleton (D:5)
  4 rats
289 creatures vanquished.

Vanquished Creatures (collateral kills)
  2 killer bees (D:7)
2 creatures vanquished.

Vanquished Creatures (others)
  2 killer bees (D:7)
  A hound zombie (D:10)
  5 fungi
  12 plants
20 creatures vanquished.

Grand Total: 311 creatures vanquished

Notes
Turn   | Place    | Note
-------+----------+-------------------------------------------
     0 | D:1      | Amnesiac the Mummy Air Elementalist began the quest for the Orb.
     0 | D:1      | Reached XP level 1. HP: 13/13 MP: 4/4
   272 | D:1      | Reached XP level 2. HP: 18/19 MP: 1/5
   276 | D:1      | Learned a level 2 spell: Swiftness
   826 | D:2      | Found a bloodstained altar of Trog.
   829 | D:2      | Found an opulent altar of Gozag.
   834 | D:2      | Found an iron altar of Okawaru.
   837 | D:2      | Found a hazy altar of Hepliaklqana.
   842 | D:2      | Found a blossoming altar of Fedhas.
   845 | D:2      | Found a shattered altar of Ashenzari.
   850 | D:2      | Found a glowing silver altar of Zin.
   864 | D:2      | Became a worshipper of Gozag Ym Sagoz the Greedy
  1112 | D:1      | Reached XP level 3. HP: 23/24 MP: 3/7
  1874 | D:2      | Reached XP level 4. HP: 16/30 MP: 9/9
  2867 | D:3      | Learned a level 4 spell: Airstrike
  3045 | D:3      | Reached XP level 5. HP: 35/35 MP: 8/11
  3238 | D:3      | Noticed a sky beast
  3524 | D:4      | Noticed Blork the orc
  3779 | D:4      | Found a stormy altar of Qazlal.
  3779 | D:4      | Noticed a hungry ghost
  3781 | D:4      | Found an ornate altar of the Wu Jian Council.
  3781 | D:4      | Noticed an eye of draining
  3786 | D:4      | Found a transporter.
  3799 | D:4      | Found a transporter.
  3931 | D:4      | Reached XP level 6. HP: 29/41 MP: 1/13
  3975 | D:4      | Learned a level 5 spell: Lightning Bolt
  4057 | D:4      | Noticed Edmund
  4221 | D:4      | Killed Edmund
  4221 | D:4      | Reached skill level 5 in Spellcasting
  4221 | D:4      | Reached skill level 5 in Air Magic
  4497 | D:4      | Reached XP level 7. HP: 41/46 MP: 0/15
  4992 | D:4      | Found a staircase to the Ecumenical Temple.
  5677 | D:5      | Entered Level 5 of the Dungeon
  5732 | D:4      | Killed Blork the orc
  6261 | D:5      | Reached XP level 8. HP: 52/52 MP: 0/18
  6616 | D:5      | Found a runed gate.
  6616 | D:5      | Found a runed gate.
  6618 | D:5      | Found a runed gate.
  6839 | D:4      | Got a twisted great mace
  6840 | D:4      | Identified the +5 great mace "Worm's Wrath" {antimagic, MP+9 Int+3} (You found it on level 4 of the Dungeon)
  7233 | D:5      | Noticed emiel's ghost (amateur OpWn)
  7249 | D:5      | Killed emiel's ghost
  7375 | D:5      | Reached skill level 1 in Conjurations
  7837 | D:6      | Noticed Prince Ribbit
  8124 | D:6      | Found a white marble altar of Elyvilon.
  8228 | D:6      | Killed Prince Ribbit
  8328 | D:6      | Reached XP level 9. HP: 57/57 MP: 9/21
  8545 | D:6      | Found an ancient bone altar of Kikubaaqudgha.
  9012 | D:7      | Found a sparkling altar of Nemelex Xobeh.
  9519 | D:7      | Reached skill level 5 in Conjurations
 11149 | D:7      | Reached XP level 10. HP: 63/63 MP: 5/22
 11532 | D:8      | Noticed Erica
 11643 | D:8      | Killed Erica
 11660 | D:8      | Reached skill level 1 in Evocations
 11796 | D:8      | Got a bloodstained hand axe
 12110 | D:8      | Found a sacrificial altar of Ru.
 12112 | D:8      | Noticed Joseph
 12120 | D:8      | Killed Joseph
 12675 | D:8      | Noticed Maurice
 12684 | D:8      | Killed Maurice
 13073 | D:9      | Noticed Gastronok
 13190 | D:9      | Killed Gastronok
 13190 | D:9      | Reached XP level 11. HP: 68/68 MP: 23/23
 14422 | D:9      | Noticed a centaur warrior
 14449 | D:9      | Killed a centaur warrior
 14749 | D:10     | Entered Level 10 of the Dungeon
 15017 | D:10     | Noticed Psyche
 15029 | D:10     | Killed Psyche
 15471 | D:10     | Noticed Erolcha
 16136 | D:10     | Killed Erolcha
 16653 | D:11     | Noticed a two-headed ogre
 17307 | D:11     | Killed a two-headed ogre
 17603 | D:11     | Noticed a red ugly thing
 17613 | D:11     | Slain by a red ugly thing

Vault maps used:
D:1:      lemuel_arrival_room, minmay_misc_feat_more_columns
D:2:      grunt_temple_overflow_octagram, minmay_misc_feat_alley,
          kennysheep_donut
D:3:      first_ration
D:4:      gammafunk_temple_overflow_arena, lemuel_temple_firewalk_b,
          uniq_edmund, uniq_blork_the_orc
D:5:      gammafunk_ghost_nasty_kobolds
D:6:      elyvilon_altar_5, basic_altar, uniq_prince_ribbit1
D:7:      nemelex_xobeh_ov_fountains_minmay, grunt_livestock, st_stairs_14
D:8:      nicolae_ru_great_annihilating_truth, uniq_erica, uniq_joseph,
          uniq_maurice
D:9:      corner_web_ring, minivault_25, st_stairs_3, moated_statue,
          uniq_gastronok
D:10:     nicolae_wwwww, uniq_erolcha, uniq_psyche
D:11:     minmay_lair_entry_grove

Skill      XL: |  1  2  3  4  5  6  7  8  9 10 11 |
---------------+----------------------------------+-----
Air Magic      | 3 4 5 7 8 |  8.8
Spellcasting   | 3 4 5 6 8 9 |  9.5
Conjurations   | 3 7 8 9 |  9.3
Evocations     | 6 8 |  8.0
Dodging        | |  1.5
Stealth        | |  1.5

Action                   |  1- 3 |  4- 6 |  7- 9 | 10-12 || total
-------------------------+-------+-------+-------+-------++-------
Melee: Dagger            |    71 |    40 |   165 |       ||   276
       Great sword       |       |    14 |    18 |     1 ||    33
       Great mace        |       |       |    15 |       ||    15
       Scimitar          |       |       |       |    48 ||    48
 Fire: Blowgun           |       |       |       |    34 ||    34
 Cast: Shock             |    31 |   125 |    25 |    11 ||   192
       Airstrike         |       |     3 |   129 |   165 ||   297
       Lightning Bolt    |       |       |     2 |    16 ||    18
Invok: Potion Petition   |       |     1 |       |       ||     1
Evoke: Wand              |       |       |     4 |     6 ||    10
  Use: Scroll            |       |     8 |     5 |     2 ||    15
 Stab: Sleeping          |       |       |     1 |       ||     1
Armor: Robe              |    17 |     2 |    44 |     6 ||    69
       Ring mail         |       |       |       |    51 ||    51
Dodge: Dodged            |    58 |    69 |   192 |    95 ||   414
       Rpst.: Great sword |       |     9 |    21 |       ||    30
       Scimitar          |       |       |       |    29 ||    29

Table legend:
 A = Non-vault XP
 B = Vault XP
 C = Vault XP percentage of total XP
 D = Non-vault monster count
 E = Vault monster count
 F = Vault count percentage of total count
                 A         B        C        D         E       F
            +---------+---------+-------+---------+---------+-------
      Total |   10851 |    8510 |  44.0 |     254 |      38 |  13.0
            +---------+---------+-------+---------+---------+-------
        D:1 |      49 |       0 |   0.0 |      21 |       0 |   0.0
        D:2 |     115 |       0 |   0.0 |      23 |       0 |   0.0
        D:3 |     270 |       0 |   0.0 |      29 |       0 |   0.0
        D:4 |     448 |     603 |  57.4 |      33 |       6 |  15.4
        D:5 |     549 |     358 |  39.5 |      23 |      10 |  30.3
        D:6 |     416 |     307 |  42.5 |      10 |       2 |  16.7
        D:7 |    1464 |     967 |  39.8 |      30 |       5 |  14.3
        D:8 |    1238 |    1935 |  61.0 |      18 |       7 |  28.0
        D:9 |    2054 |    2506 |  55.0 |      29 |       3 |   9.4
       D:10 |    1582 |    1542 |  49.4 |      21 |       3 |  12.5
       D:11 |    2666 |     292 |   9.9 |      17 |       2 |  10.5
            +---------+---------+-------+---------+---------+-------
